 Dungeon Crawl Stone Soup version 0.26.1-11-gd32895ea62 (webtiles) character file.

Game seed: 2961198174757247039

64 DildoBatman the Conjurer (level 4, -7/30 HPs)
             Began as a Formicid Conjurer on July 18, 2021.
             Killed from afar by Natasha (10 damage)
             ... with a magic dart
             ... on level 2 of the Dungeon.
             The game lasted 00:02:23 (1226 turns).

DildoBatman the Conjurer (Formicid Conjurer)        Turns: 1226, Time: 00:02:24

Health: -7/30      AC:  2    Str: 12    XL:     4   Next: 32%
Magic:  4/7        EV: 12    Int: 17    God:
Gold:   52         SH:  0    Dex: 10    Spells: 4/7 levels left

rFire    . . .     SeeInvis +   h - +0 mace
rCold    . . .     Faith    .   (no shield)
rNeg     . . .     Spirit   .   a - +0 robe
rPois    .         Reflect  .   (helmet unavailable)
rElec    .         Harm     .   (no cloak)
rCorr    .         Rampage  .   (no gloves)
Will     .....                  (no boots)
Stlth    ++........             (no amulet)
HPRegen  0.10/turn              (no ring)
MPRegen  0.10/turn              (no ring)

@: no status effects
A: permanent stasis, dig shafts and tunnels, four strong arms, antennae 3
a: Dig, Shaft Self


You were on level 2 of the Dungeon.
You visited 1 branch of the dungeon, and saw 2 of its levels.

You collected 52 gold pieces.

Inventory:

Hand Weapons
 g - a +0 club
 h - a +0 mace (weapon)
Missiles
 e - 64 stones
Armour
 a - a +0 robe (worn)
Scrolls
 b - a scroll of enchant weapon {unknown}
 c - a scroll of remove curse {unknown}
 d - 2 scrolls of identify {unknown}
 j - a scroll of random uselessness {unknown}
Potions
 f - 2 potions of curing {unknown}
 i - a potion of attraction {unknown}
 k - a potion of degeneration {unknown}


   Skills:
 - Level 1.7 Dodging
 - Level 2.4 Stealth
 - Level 2.1 Spellcasting
 * Level 5.1 Conjurations


You had 4 spell levels left.
You knew the following spells:

 Your Spells              Type           Power        Failure   Level
a - Searing Ray           Conj           38%          3%          2
c - Magic Dart            Conj           76%          2%          1

Your spell library contained the following spells:

 Spells                   Type           Power        Failure   Level
 Dazzling Flash           Conj/Hex       20%          21%         3
 Fulminant Prism          Conj/Hex       5%           54%         4
 Iskenderun's Mystic Bla  Conj/Tloc      10%          54%         4


Dungeon Overview and Level Annotations

Branches:
Dungeon (2/15)

Altars:

Annotations:
D:2 Natasha


Innate Abilities, Weirdness & Mutations

You cannot be hasted, slowed, berserked, paralysed or teleported.
You can dig through walls and to a lower floor.
Your four strong arms can wield two-handed weapons with a shield.
You have a pair of large antennae on your head. (SInv)


Message History

r - Retreat! s - Stop attacking. g - Guard the area. f - Follow me.
Anything else - Cancel.
You shout for attention!
The jackal bites you.
The jackal bites you but does no damage.
The jackal barely misses you. The goblin closely misses you.
What are your orders? t - Shout!
Orders for allies: a - Attack new target. r - Retreat! s - Stop attacking. g - Guard the area. f - Follow me.
Anything else - Cancel.
You shout for attention!
The jackal bites you but does no damage.
The jackal barely misses you. Natasha casts a spell at you.
The magic dart hits you!
You die...

#.# #.# ###.## . #....#
.#.. #)...##..†#
#.......). #...h.#..
#.h@g# .# #..h.##.#
##....#..# ###
##)#.....# ...#
##)##....#######.#.###
##)###....#...........h
#.## #.....[......).#
##.# #####..........#
### ##.<..[....#


You could see Natasha, 2 jackals and a goblin.

Vanquished Creatures
  An adder (D:2)
  3 gnolls (D:2)
  A leopard gecko (D:1)
  2 giant cockroaches
  4 hobgoblins (D:1)
  3 jackals (D:1)
  2 kobolds (D:1)
  A bat (D:2)
  A frilled lizard (D:2)
  2 goblins (D:2)
  4 rats (D:1)
24 creatures vanquished.

Notes
Turn   | Place    | Note
-------+----------+-------------------------------------------
     0 | D:1      | DildoBatman the Formicid Conjurer began the quest for the
                  | Orb.
     0 | D:1      | Reached XP level 1. HP: 13/13 MP: 3/3
   343 | D:1      | Reached XP level 2. HP: 19/19 MP: 3/5
   346 | D:1      | Learned a level 2 spell: Searing Ray
   453 | D:1      | Reached skill level 4 in Conjurations
  1131 | D:2      | Reached XP level 3. HP: 20/24 MP: 2/6
  1179 | D:2      | Noticed Natasha
  1206 | D:2      | Reached skill level 5 in Conjurations
  1206 | D:2      | Reached XP level 4. HP: 27/30 MP: 1/7
  1226 | D:2      | Killed from afar by Natasha

Illustrated notes

Levels and vault maps discovered:
D:1:      dpeg_arrival_more_subterranean_lakeside_camping, layout_basic
D:2:      layout_rooms, nicolae_overflow_crystal_walls, elyvilon_altar_3,
          uniq_natasha

Skill      XL: |  1  2  3 |
---------------+----------+-----
Conjurations   | 4 5 |  5.1
Dodging        | |  1.7
Stealth        | |  2.4
Spellcasting   | |  2.1

Action                   |  1- 3 |  4- 6 || total
-------------------------+-------+-------++-------
Melee: Unarmed           |     7 |       ||     7
       Mace              |     2 |       ||     2
 Cast: Magic Dart        |    16 |       ||    16
       Searing Ray       |     5 |       ||     5
 Abil: Dig               |     4 |       ||     4
 Stab: Sleeping          |     1 |       ||     1
Armor: Robe              |     7 |     7 ||    14
Dodge: Dodged            |    14 |    27 ||    41
